 Dungeon Crawl Stone Soup version 0.19-a0-330-g034cfd4 (webtiles) character file.

1799667 Marenglen the Harbinger of Death (level 23, 216/216 HPs)
             Began as a Troll Arcane Marksman on May 28, 2016.
             Was a High Priest of Yredelemnul.
             Escaped with the Orb
             ... and 3 runes!
             The game lasted 03:47:19 (53212 turns).

Marenglen the Harbinger of Death (TrAM)            Turns: 53212, Time: 03:47:20

Health: 216/216    AC: 11    Str: 25    XL:     23   Next: 44%
Magic:  27/27      EV: 28    Int:  9    God:    Yredelemnul [*****.]
Gold:   4891       SH: 29    Dex: 20    Spells: 7 memorised, 11 levels left

rFire  + . .     SeeInvis .     a - +2 morningstar (protect)
rCold  . . .     Gourm    +     (armour restricted)
rNeg   . . .     Faith    .     q - +8 large shield {AC+3}
rPois  .         Spirit   .     (helmet restricted)
rElec  .         Dismiss  .     (no cloak)
rCorr  .         Reflect  .     (gloves unavailable)
SustAt .         Harm     .     (boots unavailable)
MR     +....                    z - amulet of Vitality {Regen+ HP+15}
Stlth  +.........               m - ring of Shaolin {EV+8}
                                o - ring of protection from fire

@: somewhat resistant to hostile enchantments, very unstealthy
A: unfitting armour, claws 3, hooves 1, thin skeletal structure 2, blurry vision
1, deterioration 1, fast metabolism 3, frail 1, gourmand, low mp 2, regeneration
3, shaggy fur 1, tough skin 2
a: Recall Undead Slaves, Injury Mirror, Animate Dead, Drain Life, Enslave Soul,
Renounce Religion
0: Orb of Zot
}: 3/15 runes: decaying, silver, gossamer


You escaped.
You worshipped Yredelemnul.
Yredelemnul was extremely pleased with you.
You were not hungry.

You visited 9 branches of the dungeon, and saw 49 of its levels.
You visited the Abyss 1 time.
You also visited: Bailey and Volcano.

You collected 6079 gold pieces.
You spent 1139 gold pieces at shops.

Inventory:

Hand Weapons
 a - a +2 morningstar of protection (weapon)
 b - a +8 morningstar of venom
Missiles
 d - 8 throwing nets
 j - 48 tomahawks
 Q - 152 large rocks (quivered)
Armour
 q - a +8 large shield of protection (worn)
Jewellery
 e - an uncursed ring of protection from cold
 m - the ring of Shaolin (right claw) {EV+8}
   (You found it on level 10 of the Dungeon)

   [ring of evasion]

   It affects your evasion (+8).
 o - a ring of protection from fire (left claw)
 x - the ring "Juontiex" {rElec Str+2 Dex+5}
   (You found it on level 13 of the Dungeon)

   [ring of dexterity]

   It affects your strength (+2).
   It affects your dexterity (+5).
   It insulates you from electricity.
 y - an uncursed ring of protection from magic
 z - the amulet of Vitality (around neck) {Regen+ HP+15}
   (You found it on level 2 of the Depths)

   [amulet of regeneration]

   It affects your health (+15).
   It increases your rate of regeneration.
 G - the ring of Imineil {+Fly rElec rC- MR+++ Dex-2}
   (You found it on level 6 of the Dungeon)

   [ring of flight]

   It affects your dexterity (-2).
   It makes you vulnerable to cold.
   It insulates you from electricity.
   It affects your resistance to hostile enchantments.
   It lets you fly.
 I - an uncursed ring of see invisible
 X - the ring "Iqauh" {+Fly AC+4 Str+4}
   (You took it off a deep elf high priest on level 5 of the Vaults)

   [ring of protection]

   It affects your AC (+4).
   It affects your strength (+4).
   It lets you fly.
Wands
 c - a wand of disintegration (3/24)
 i - a wand of teleportation (5/9)
 H - a wand of digging (7/24)
 U - a wand of heal wounds (6/9)
 V - a wand of teleportation (4/9)
Scrolls
 g - 8 scrolls of fear
 l - 13 scrolls of identify
 r - 8 scrolls of blinking
 v - 3 scrolls of fog
 E - 5 scrolls of teleportation
 O - 18 scrolls of remove curse
 P - 4 scrolls of recharging
 Z - a scroll of magic mapping
Potions
 h - 14 potions of curing
 n - 3 potions of cancellation
 s - 2 potions of heal wounds
 A - 3 potions of invisibility
 D - 8 potions of ambrosia
 J - 6 potions of berserk rage
 L - 7 potions of flight
 M - 5 potions of cure mutation
 T - a potion of resistance
Books
 K - the Tome of Translocation and Moulding
   (You found it on level 5 of the Vaults)

   Spells                             Type                      Level
   a - Apportation                    Translocation                1
   b - Beastly Appendage              Transmutation                1
   c - Blink                          Translocation                2
   d - Petrify                        Transmutation/Earth          4
   e - Blade Hands                    Transmutation                5
   f - Statue Form                    Transmutation/Earth          6
Miscellaneous
 t - an ornate deck of summoning {the Elements}
 B - a legendary deck of escape {drawn: 4}
 N - a sack of spiders {used: 2}
 W - a box of beasts {used: 6}
 Y - a phantom mirror
Comestibles
 f - 8 bread rations
 k - 16 beef jerkies
 p - a meat ration
 C - 14 slices of pizza
 F - 39 fruits


   Skills:
 - Level 12.4 Fighting
 - Level 16.4 Maces & Flails
 - Level 8.3 Throwing
 - Level 12.8 Dodging
 - Level 15.3 Shields
 - Level 2.0 Unarmed Combat
 - Level 1.0 Spellcasting
 - Level 2.3 Hexes
 - Level 3.0 Charms
 - Level 5.0 Translocations
 - Level 17.8 Invocations
 + Level 14.5 Evocations


You had 11 spell levels left.
You knew the following spells:

 Your Spells              Type           Power        Failure   Level  Hunger
a - Corona                Hex            #......      14%         1    ##.....
b - Blink                 Tloc           N/A          10%         2    ###....
c - Summon Butterflies    Summ           #.......     38%         1    ##.....
d - Apportation           Tloc           #.........   6%          1    ##.....
e - Regeneration          Chrm/Necr      #.........   69%         3    ####...
f - Confuse               Hex            #.......     43%         3    ####...
g - Slow                  Hex            #.......     21%         2    ###....


Dungeon Overview and Level Annotations

Branches:
Dungeon (15/15)            Temple (1/1) D:5            Lair (8/8) D:8
  Swamp (4/4) Lair:5       Spider (4/4) Lair:6        Slime (0/6) Lair:8
    Orc (2/2) D:12            Elf (0/3) Orc:2        Vaults (5/5) D:14
  Crypt (0/3) Vaults:3     Depths (5/5) D:15            Zot (5/5) Depths:5

Altars:
Ashenzari
Cheibriados
Dithmenos
Elyvilon
Fedhas
Gozag
Hepliaklqana
Kikubaaqudgha
Makhleb
Nemelex Xobeh
Okawaru
Pakellas
Qazlal
Ru
Sif Muna
Trog
Ukayaw
Vehumet
Xom
Yredelemnul
Zin
The Shining One
Beogh
Jiyva

Shops:
D:4 [   D:5 *%!(   D:6 ?   D:9 *   D:14 [[(   Orc:2 :(*[

Portals:
Hell: Depths:1 Depths:2 Depths:3 Depths:4 Depths:5
Abyss: Depths:4
Pandemonium: Depths:3
Ziggurat: Depths:2
Trove: D:10 (give 15 scrolls of teleportation)

Annotations:
D:12 1 runed door
Depths:2 exclusions: 2 giant eyeballs and 2 shining eyes


Innate Abilities, Weirdness & Mutations

You are too large for most types of armour.
You have claws for hands.
Your metabolism is lightning-fast.
You like to eat raw meat.
You regenerate.
You are covered in fur. (AC +1)
You have very tough skin. (AC +2)
You have large cloven feet.
You have a moderately thin skeletal structure. (Dex +4, Stealth+)
Scrolls take you a little longer to read.
Your body sometimes deteriorates upon taking damage.
You are frail. (-10% HP)
Your magical capacity is very low. (-20% MP)


Message History

You puncture the sun demon!
You kick the sun demon, but do no damage.
The sun demon is severely wounded.
You block the sun demon's attack.
You bludgeon the sun demon!!
You kill the sun demon!
Your life force feels restored.
(D) Dungeon (T) Temple (L) Lair (S) Swamp (N) Spider Nest (M) Slime Pits (O) Orcish Mines (E) Elven Halls (V) Vaults (C) Crypt (U) Depths (H) Hell (Z) Zot
Where to? (Enter - D:1 @ (x,y), ? - help)
You see here 2 stones.
There is an open door here.
You see here a club.
There is an open door here.
You see here a stone.
There is a staircase leading out of the dungeon here.
You see here a +0 robe.
You have escaped!

....§.§.≈≈≈≈≈§§...........
....§≈§§≈≈≈≈≈≈≈§≈.........[ ####
....§≈§§§§....≈≈≈≈≈§≈......#
...#.....≈≈§§§.......≈≈≈≈≈≈≈....#
##.#.....§§§§..........§≈≈≈≈....#
#.#.....§≈≈.##########§§§≈≈....#
#.#.....≈§§.##########§§.§≈....#
#.#^....≈§..##...(..##§...≈....#
#.#.....§§..##(@....##....≈....#
#.#.....≈§..##......##...≈≈....#
#.#.....≈..########(####..≈....#
#.#.....≈..########)####..≈....#
#.#.....≈§.##......(..##.§≈....#
#.#.....≈.###.........##..§....#
#.#....§§.##..........##..§....#
##.#....§≈.##'###########.§≈§...#
...#....§§.................≈....#


There were no monsters in sight!

Vanquished Creatures
  A juggernaut (Depths:4)
  2 Killer Klowns
  6 golden dragons
  A bone dragon (Abyss:1)
  4 electric golems
  9 tentacled monstrosities
  A quicksilver dragon (Vaults:5)
  10 Orb Guardians
  A death cob (Zot:2)
  2 shadow dragons
  5 storm dragons
  A tentacled starspawn (Abyss:1)
  2 tengu reavers
  A draconian monk (Zot:4)
  An iron dragon (Vaults:5)
  A vault warden (Vaults:2)
  A draconian zealot (Zot:1)
  Maud (Lair:6)
  3 draconian shifters
  An emperor scorpion (Spider:4)
  A draconian annihilator (Zot:2)
  An ironheart preserver (Vaults:5)
  2 draconian callers (Zot:1)
  2 green draconians
  A very ugly thing (Depths:4)
  6 stone giants
  5 black draconians
  A red draconian (Zot:4)
  3 spark wasps
  2 mottled draconians
  4 purple draconians
  A yellow draconian (Depths:5)
  4 fire dragons
  2 dire elephants (Lair:8)
  5 yaktaur captains
  13 vault guards
  3 ettins
  An entropy weaver (Spider:3)
  Fannar (Lair:1)
  5 ice dragons
  7 hydras
  5 great orbs of eyes
  A catoblepas (Depths:4)
  3 centaur warriors
  A deep troll earth mage (Depths:1)
  2 deep troll shamans
  2 death yaks (Lair:6)
  4 thrashing horrors (Abyss:1)
  An orc high priest (Orc:2)
  A fire crab (shapeshifter) (Vaults:4)
  A sun demon (D:1)
  A fire crab (Vaults:1)
  A skeletal warrior (Vaults:4)
  A salamander mystic (Vaults:2)
  A hell knight (Depths:1)
  8 deep trolls
  2 unseen horrors
  2 giant orange brains
  2 swamp dragons (Swamp:4)
  A phantasmal warrior (Depths:1)
  5 orb spiders
  8 hill giants
  2 wizards
  Pikel (D:8)
  2 ironbrand convokers
  A necromancer (Vaults:1)
  10 wolf spiders
  2 deep elf magi
  A hornet (shapeshifter) (Vaults:2)
  12 ugly things
  A shining eye (Abyss:1)
  2 griffons
  A sixfirhy (Abyss:1)
  2 oklob plants (Zot:4)
  6 cyclopes
  A hornet (Spider:3)
  7 moths of wrath
  A centaur zombie (D:14)
  2 vault sentinels (Vaults:4)
  4 elephants
  3 gargoyles
  3 spiny frogs
  2 black mambas
  An orange demon (Abyss:1)
  2 smoke demons (Abyss:1)
  4 rime drakes
  A kobold demonologist (D:14)
  A hellwing (Depths:3)
  A demonic crawler (Spider:2)
  4 komodo dragons
  13 yaktaurs
  A yaktaur skeleton (Vaults:1)
  An efreet (Depths:5)
  A tormentor (Abyss:1)
  2 ancient zymes (Abyss:1)
  A harpy zombie (D:15)
  2 trolls
  A burning bush (Zot:4)
  5 two-headed ogres
  2 jumping spiders
  A raiju (Abyss:1)
  2 blink frogs (Swamp:4)
  A blink frog (shapeshifter) (Vaults:2)
  4 large abominations (Abyss:1)
  22 orc warriors
  5 flying skulls (Abyss:1)
  9 redbacks
  2 air elementals
  5 wyverns
  A shadow (D:13)
  4 tarantellas
  A vampire (D:12)
  3 wraiths
  A water elemental (D:15)
  A fire elemental (Volcano)
  3 ynoxinuls (Abyss:1)
  A human (shapeshifter) (Vaults:3)
  23 yaks
  6 basilisks
  A hog (D:7)
  A human (D:7)
  A steam dragon (D:10)
  10 vampire mosquitoes
  12 hippogriffs
  A hungry ghost (D:13)
  A chaos spawn (Abyss:1)
  3 electric eels (D:8)
  Menkaure (D:6)
  7 swamp worms
  10 soldier ants (Lair:7)
  A warg (Orc:1)
  An ogre zombie (Vaults:1)
  An insubstantial wisp (Lair:6)
  6 water moccasins
  A hell hound (Lair:5)
  6 small abominations (Abyss:1)
  5 porcupines
  A sky beast (D:5)
  A slave (D:8)
  4 black bears
  2 wasps
  A necrophage (D:13)
  2 boggarts (Depths:2)
  An ice beast (D:11)
  12 ogres
  A black bear (shapeshifter) (D:14)
  An eye of draining (D:10)
  14 wolves
  14 centaurs
  6 crocodiles
  2 big kobolds
  Blork the orc (D:6)
  8 giant frogs
  4 earth elementals (Depths:4)
  A wyvern zombie (D:12)
  A water moccasin zombie (D:6)
  3 scorpions
  14 killer bees
  4 wights (D:7)
  4 crimson imps
  3 quasits
  A centaur skeleton (D:9)
  10 orc priests
  6 hounds
  4 jellies
  2 giant frog skeletons
  10 orc wizards
  Jessica (D:3)
  5 iguanas
  Ijyb (D:3)
  17 worker ants
  21 sheep
  A hound skeleton (D:4)
  A worker ant zombie (D:8)
  A gnoll (D:3)
  6 adders
  21 river rats
  4 shadow imps
  2 white imps
  An ufetubus (Abyss:1)
  3 oozes
  3 adder skeletons
  7 worms
  5 giant geckos
  53 orcs
  2 ball pythons
  5 giant cockroaches
  9 goblins
  6 hobgoblins
  10 jackals
  21 kobolds
  5 quokkas
  8 bats
  7 giant newts
  A jackal zombie (D:5)
  A quokka skeleton (D:8)
  A quokka zombie (D:6)
  8 rats
  5 plants
830 creatures vanquished.

Vanquished Creatures (collateral kills)
  3 ancient liches
  3 orbs of fire (Zot:5)
  Mara (Swamp:4)
  3 Killer Klowns (Zot:5)
  4 curse toes
  the Lernaean hydra (Swamp:4)
  8 golden dragons
  Nikola (Swamp:4)
  An iron giant (Depths:1)
  A bone dragon (Depths:5)
  An electric golem (Zot:5)
  3 liches
  11 tentacled monstrosities
  18 Orb Guardians (Zot:5)
  2 titans (Vaults:5)
  2 quicksilver dragons
  Frances (Spider:1)
  5 sphinxes
  6 death cobs
  2 thorn hunters (Swamp:2)
  6 storm dragons
  8 tengu reavers
  Kirke (Lair:7)
  A draconian monk (Zot:4)
  2 deep elf sorcerers (Vaults:5)
  7 shadow dragons
  6 vault wardens
  A draconian knight (Zot:1)
  3 ghost moths
  8 fire giants
  12 frost giants
  2 draconian scorchers
  Aizul (Swamp:2)
  7 emperor scorpions
  2 balrugs
  An orc warlord (Orc:2)
  2 curse skulls (Zot:4)
  5 iron dragons
  3 draconian shifters
  A draconian annihilator (Zot:3)
  3 war gargoyles (Vaults:5)
  8 ironheart preservers
  23 stone giants
  3 spriggan defenders
  5 draconian callers
  2 vampire knights
  5 salamander stormcallers
  8 very ugly things
  4 green draconians
  6 black draconians
  2 white draconians
  A deep elf demonologist (Vaults:5)
  A deep elf annihilator (Vaults:5)
  6 red draconians
  5 yellow draconians
  5 purple draconians
  8 mottled draconians
  4 dire elephants (Lair:8)
  7 spark wasps
  12 ettins
  12 fire dragons
  A deep elf death mage (Depths:2)
  A crystal guardian (Vaults:3)
  Erolcha (D:9)
  15 vault guards
  8 ogre magi
  5 entropy weavers
  2 deep elf high priests (Vaults:5)
  20 yaktaur captains
  3 rakshasas
  9 great orbs of eyes
  18 hydras
  A hell beast (Zot:5)
  11 ice dragons
  3 spriggan air magi
  2 ghost crabs (Swamp:2)
  An anaconda (Lair:8)
  3 catoblepae
  9 centaur warriors
  8 alligators
  8 death yaks
  4 death knights
  5 deep troll shamans
  A queen ant (Lair:7)
  7 deep troll earth magi
  Urug (D:11)
  6 tengu warriors
  5 spriggan berserkers
  8 spriggans
  3 sun demons
  3 deep elf knights
  Nergalle (D:12)
  A hell knight (Depths:1)
  A fire crab (Vaults:2)
  2 shadow wraiths
  30 deep trolls
  2 unseen horrors
  A cherub (Depths:3)
  5 giant orange brains
  2 wizards
  2 deep elf archers (Vaults:5)
  9 swamp dragons
  2 flayed ghosts
  2 phantasmal warriors
  A shadow dragon zombie (Vaults:5)
  A sphinx zombie (Vaults:5)
  12 orb spiders
  9 ironbrand convokers
  7 hill giants
  18 orc knights
  7 necromancers
  10 deep elf magi
  A frost giant zombie (Depths:1)
  2 wolf spiders (shapeshifter) (Vaults:5)
  18 wolf spiders
  6 hornets
  14 moths of wrath
  4 orc sorcerers
  5 cyclopes
  9 griffons
  3 salamanders (Vaults:2)
  46 ugly things
  A manticore (D:11)
  A spectral centaur (D:12)
  2 black mambas
  5 elephants
  2 gargoyles
  An octopode (shapeshifter) (D:15)
  A titan simulacrum (Vaults:4)
  11 spiny frogs
  9 vault sentinels
  3 centaur skeletons
  2 elf skeletons
  A yaktaur zombie (Vaults:1)
  A tormentor (Depths:2)
  A rime drake (Lair:5)
  10 demonic crawlers
  45 yaktaurs
  6 komodo dragons
  A red devil (Depths:3)
  A tengu conjurer (Depths:2)
  3 burning bushes (Zot:4)
  4 freezing wraiths
  3 wyverns (Lair:5)
  3 trolls
  6 two-headed ogres
  19 jumping spiders
  A raiju (shapeshifter) (Vaults:1)
  A wind drake (shapeshifter) (Vaults:5)
  25 slime creatures
  2 hornet zombies (D:15)
  7 bog bodies
  4 giant leeches
  2 blink frogs (Swamp:4)
  3 boulder beetles
  A deep troll zombie (Depths:1)
  A sphinx simulacrum (Vaults:2)
  52 redbacks
  A shadow (Swamp:2)
  An ettin skeleton (Depths:1)
  23 tarantellas
  4 air elementals
  3 water elementals (D:15)
  A wraith (D:15)
  3 hogs (Lair:7)
  28 yaks
  A hog (shapeshifter) (Vaults:1)
  5 basilisks
  5 hippogriffs
  3 chaos spawn
  A hungry ghost (D:12)
  30 vampire mosquitoes
  4 mottled dragons
  2 insubstantial wisps (Lair:6)
  13 swamp worms
  6 wargs
  A soldier ant (shapeshifter) (Vaults:1)
  4 porcupines
  10 soldier ants (Lair:7)
  8 water moccasins
  An entropy weaver simulacrum (Depths:1)
  13 swamp drakes
  2 giant eyeballs
  A sky beast (D:14)
  A wasp (shapeshifter) (Vaults:5)
  A sky beast (shapeshifter) (Depths:2)
  9 wasps
  3 necrophages
  An eye of draining (shapeshifter) (Vaults:2)
  31 orc warriors
  An ice beast (D:14)
  22 ogres
  15 wolves
  17 centaurs
  2 boggarts
  A phantom (D:9)
  A vampire mosquito zombie (D:15)
  11 crocodiles
  A big kobold (D:8)
  7 giant frogs
  3 earth elementals (Depths:4)
  A deep troll simulacrum (Vaults:5)
  2 water moccasin zombies
  A scorpion (D:11)
  An orc simulacrum (Vaults:1)
  A yak zombie (Lair:6)
  11 killer bees
  2 wights
  2 electric eels
  3 crimson imps
  A giant frog zombie (D:12)
  3 centaur zombies
  10 orc priests
  A hound (D:9)
  13 orc wizards
  A giant frog skeleton (D:12)
  11 worker ants
  2 iguanas
  3 lightning spires (Zot:4)
  13 sheep
  A howler monkey skeleton (D:11)
  25 river rats
  2 shadow imps
  43 orcs
  2 kobolds (D:8)
  A butterfly (Lair:1)
  10 fungi
  24 plants
1423 creatures vanquished.

Vanquished Creatures (others)
  4 profane servitors
  3 bone dragons
  A draconian scorcher (Zot:1)
  3 ghouls
  6 vampire knights
  A quicksilver dragon zombie (Vaults:5)
  A deep elf high priest (Vaults:5)
  A titan zombie (Vaults:5)
  A spectral human (Zot:1)
  11 skeletal warriors
  4 storm dragon zombies (Zot:5)
  6 golden dragon zombies
  A spark wasp zombie (Depths:2)
  2 very ugly thing zombies
  7 flayed ghosts
  2 ugly thing zombies
  4 shadow dragon zombies
  10 phantasmal warriors
  A sphinx zombie (Vaults:5)
  6 stone giant zombies
  3 wolf spider zombies
  3 frost giant zombies
  A fire giant zombie (Vaults:5)
  A frost giant skeleton (Vaults:5)
  4 draconian zombies
  A smoke demon (Abyss:1)
  A fire giant skeleton (Depths:4)
  A salamander skeleton (Vaults:5)
  3 spriggan zombies
  A red draconian zombie (Zot:1)
  2 black draconian zombies
  6 redback zombies
  A ghoul skeleton (Vaults:5)
  3 hydra zombies
  A death yak zombie (Lair:8)
  17 human zombies
  A demonic crawler zombie (Spider:3)
  A griffon zombie (Lair:5)
  2 jumping spider zombies
  4 moth of wrath zombies
  2 ice dragon zombies
  An ettin zombie (Vaults:5)
  12 flying skulls
  2 black mamba zombies (Lair:5)
  6 fire dragon zombies
  A deep troll skeleton (Vaults:5)
  11 vampires
  A human (Lair:7)
  2 wraiths (Lair:5)
  2 hill giant zombies
  4 deep troll zombies
  3 elf zombies (Vaults:5)
  4 spiny frog zombies
  A tengu zombie (Depths:2)
  3 slaves (D:8)
  An ogre skeleton (Vaults:4)
  3 elephant zombies
  A boggart (Depths:2)
  A centaur (D:8)
  9 vampire mosquito zombies
  2 rime drake zombies
  4 komodo dragon zombies
  13 yaktaur zombies
  4 wyvern zombies
  A cyclops zombie (D:15)
  A rime drake skeleton (Lair:5)
  6 water moccasin zombies
  A hell hound zombie (Lair:5)
  7 yak zombies
  A yak skeleton (Lair:5)
  3 hippogriff zombies
  A wight (Lair:5)
  9 wolf zombies
  6 centaur zombies
  2 giant frog zombies
  4 wasp zombies
  A two-headed ogre zombie (Vaults:5)
  2 basilisk zombies
  A centaur skeleton (D:13)
  2 human skeletons
  5 killer bee zombies
  7 ogre zombies
  A mottled dragon zombie (Vaults:1)
  5 crocodile zombies
  2 necrophage skeletons
  A dwarf skeleton (Depths:1)
  A mummy (Lair:2)
  2 worker ant zombies
  3 swamp drake zombies (Swamp:4)
  A swamp drake skeleton (Swamp:4)
  An iguana zombie (D:8)
  3 sheep zombies (Lair:2)
  5 river rat zombies
  3 orc skeletons
  19 orc zombies
  15 fungi
  12 plants
  2 starspawn tentacles (Abyss:1)
  21 starspawn tentacle segments (Abyss:1)
382 creatures vanquished.

Grand Total: 2635 creatures vanquished

Notes
Turn   | Place    | Note
--------------------------------------------------------------
     0 | D:1      | Marenglen the Troll Arcane Marksman began the quest for the Orb.
     0 | D:1      | Reached XP level 1. HP: 18/18 MP: 1/1
    63 | D:1      | Reached skill level 1 in Unarmed Combat
   106 | D:1      | Reached XP level 2. HP: 26/26 MP: 2/2
   187 | D:1      | Learned a level 2 spell: Slow
   350 | D:1      | Reached XP level 3. HP: 32/32 MP: 3/3
   840 | D:2      | Found a bloodstained altar of Trog.
   850 | D:2      | Found a sacrificial altar of Ru.
  1489 | D:3      | Noticed Jessica
  1492 | D:3      | Killed Jessica
  1492 | D:3      | Reached skill level 1 in Maces & Flails
  1492 | D:3      | Reached XP level 4. HP: 37/40 MP: 2/4
  1553 | D:3      | You fall through a shaft for 2 floors!
  1553 | D:5      | Entered Level 5 of the Dungeon
  1555 | D:5      | Found Aloenn's Antique Weapon Emporium.
  1555 | D:5      | Found a glowing silver altar of Zin.
  1561 | D:5      | Bought a runed mace for 60 gold pieces
  1565 | D:4      | Found a shattered altar of Ashenzari.
  1967 | D:3      | Found an iron altar of Okawaru.
  2113 | D:3      | Reached XP level 5. HP: 32/46 MP: 5/5
  2116 | D:3      | Found an opulent altar of Gozag.
  2227 | D:3      | Found a deep blue altar of Sif Muna.
  2343 | D:3      | Noticed Ijyb
  2354 | D:3      | Killed Ijyb
  2708 | D:4      | Found an ancient bone altar of Kikubaaqudgha.
  2840 | D:4      | Found Leckatheej's Antique Armour Emporium.
  3010 | D:4      | Reached XP level 6. HP: 23/54 MP: 6/6
  3345 | D:5      | Noticed an angel
  3346 | D:5      | Found a shimmering altar of Xom.
  3452 | D:5      | Found Tidemoqi's Distillery.
  3455 | D:5      | Bought a potion of haste for 120 gold pieces
  3455 | D:5      | Bought a potion of might for 48 gold pieces
  3464 | D:5      | Found Daneacvaenku's General Store.
  3497 | D:5      | Reached skill level 5 in Throwing
  3597 | D:5      | Found Kuphah's Food Boutique.
  3686 | D:5      | Found a staircase to the Ecumenical Temple.
  3716 | Temple   | Entered the Ecumenical Temple
  3768 | Temple   | Became a worshipper of Yredelemnul the Dark
  3815 | D:5      | Noticed a sky beast
  3822 | D:5      | Killed a sky beast
  3822 | D:5      | Reached XP level 7. HP: 61/61 MP: 5/7
  3869 | D:5      | Bought a potion of heal wounds for 55 gold pieces
  4153 | D:6      | Got a shimmering steel ring
  4155 | D:6      | Identified the ring of Imineil {+Fly rElec rC- MR+++ Dex-2} (You found it on level 6 of the Dungeon)
  4208 | D:6      | Found a snail-covered altar of Cheibriados.
  4224 | D:6      | Noticed Blork the orc
  4228 | D:6      | Killed Blork the orc
  4228 | D:6      | Reached skill level 5 in Maces & Flails
  4263 | D:6      | Noticed Menkaure
  4266 | D:6      | Killed Menkaure
  4465 | D:6      | Found Zymmouce's Magic Scroll Shoppe.
  4531 | D:5      | Bought 2 scrolls of teleportation for 66 gold pieces
  4675 | D:7      | Found a shimmering altar of Xom.
  4682 | D:7      | Reached XP level 8. HP: 53/68 MP: 8/8
  4739 | D:7      | Found a hazy altar of Hepliaklqana.
  4796 | D:7      | Found a hide-covered altar to Ukayaw.
  4999 | D:7      | Found a white marble altar of Elyvilon.
  5658 | D:7      | Reached XP level 9. HP: 66/75 MP: 9/9
  6008 | D:8      | Noticed a troll
  6088 | D:8      | Reached * piety under Yredelemnul
  6372 | D:8      | Found an oddly glowing altar of Pakellas.
  6387 | D:8      | Reached skill level 10 in Maces & Flails
  6650 | D:6      | Bought a scroll of teleportation for 39 gold pieces
  6650 | D:6      | Bought a scroll of identify for 26 gold pieces
  6650 | D:6      | Bought a scroll of identify for 26 gold pieces
  6785 | D:8      | Noticed Pikel
  6816 | D:8      | Killed Pikel
  6816 | D:8      | Reached skill level 1 in Shields
  6816 | D:8      | Reached skill level 1 in Invocations
  7104 | D:8      | Reached skill level 2 in Invocations
  7187 | D:8      | Found a staircase to the Lair.
  7213 | D:8      | Reached XP level 10. HP: 71/83 MP: 10/10
  7351 | D:9      | Found a sparkling altar of Nemelex Xobeh.
  7402 | D:9      | Reached skill level 3 in Invocations
  7500 | D:9      | Noticed a wizard
  7510 | D:9      | Killed a wizard
  7510 | D:9      | Reached skill level 4 in Invocations
  7848 | D:9      | Found Cocianud's General Store.
  7982 | D:9      | Bought 2 scrolls of teleportation for 84 gold pieces
  8086 | D:9      | Noticed Erolcha
  8098 | D:9      | Killed Erolcha
  8098 | D:9      | Reached skill level 5 in Shields
  8098 | D:9      | Reached skill level 5 in Invocations
  8421 | Lair:1   | Entered Level 1 of the Lair of Beasts
  8425 | Lair:1   | Noticed Fannar
  8455 | Lair:1   | Reached ** piety under Yredelemnul
  8540 | Lair:1   | Reached skill level 6 in Invocations
  8551 | Lair:1   | Noticed a spiny frog
  8653 | Lair:1   | Killed a spiny frog
  8888 | Lair:1   | Reached XP level 11. HP: 83/89 MP: 14/14
  8892 | Lair:1   | Found a dark tunnel.
  8899 | Volcano  | Entered a volcano
  9325 | Lair:1   | Killed Fannar
  9325 | Lair:1   | Reached skill level 7 in Invocations
  9726 | Lair:2   | Reached *** piety under Yredelemnul
  9737 | Lair:2   | Received a gift from Yredelemnul
 10517 | Lair:2   | Reached skill level 8 in Invocations
 10669 | Lair:3   | Received a gift from Yredelemnul
 10765 | Lair:3   | Found a hide-covered altar to Ukayaw.
 10985 | Lair:3   | Reached **** piety under Yredelemnul
 11476 | Lair:4   | Received a gift from Yredelemnul
 11478 | Lair:4   | Noticed a griffon
 11493 | Lair:4   | Killed a griffon
 11634 | Lair:4   | Reached skill level 9 in Invocations
 12172 | Lair:5   | Noticed a griffon
 12187 | Lair:5   | Killed a griffon
 12187 | Lair:5   | Reached XP level 12. HP: 71/97 MP: 17/17
 12502 | Lair:5   | Found a staircase to the Swamp.
 12683 | Lair:5   | Received a gift from Yredelemnul
 12703 | Lair:5   | Learned a level 1 spell: Summon Butterflies
 12879 | Lair:5   | Noticed a catoblepas
 12903 | Lair:5   | Noticed a six-headed hydra
 12909 | Lair:5   | Killed a six-headed hydra
 12918 | Lair:5   | Reached skill level 10 in Invocations
 12942 | Lair:5   | Killed a catoblepas
 12943 | Lair:5   | Received a gift from Yredelemnul
 13074 | Lair:5   | Learned a level 1 spell: Apportation
 13215 | Lair:5   | Noticed an eight-headed hydra
 13221 | Lair:5   | Killed an eight-headed hydra
 13233 | Lair:5   | Gained mutation: You regenerate. [potion of mutation]
 13233 | Lair:5   | Gained mutation: You have a somewhat thin skeletal structure. (Dex +2, Stealth) [potion of mutation]
 13233 | Lair:5   | Gained mutation: Your magical capacity is low. (-10% MP) [potion of mutation]
 13467 | Lair:6   | Noticed Maud
 13489 | Lair:6   | Noticed a five-headed hydra
 13689 | Lair:6   | Reached skill level 10 in Shields
 13721 | Lair:6   | Killed a five-headed hydra
 13732 | Lair:6   | Noticed an eight-headed hydra
 13739 | Lair:6   | Killed an eight-headed hydra
 13747 | Lair:6   | Noticed a death yak
 13748 | Lair:6   | Noticed a death yak
 13749 | Lair:6   | Noticed a death yak
 13754 | Lair:6   | Noticed a death yak
 13765 | Lair:6   | Killed a death yak
 13847 | Lair:6   | Killed Maud
 13849 | Lair:6   | Killed a death yak
 13870 | Lair:6   | Killed a death yak
 13888 | Lair:6   | Killed a death yak
 13888 | Lair:6   | Reached XP level 13. HP: 32/104 MP: 1/17
 14205 | Lair:6   | Found a hole to the Spider Nest.
 14399 | Lair:6   | Your ally Maud died
 14868 | Lair:7   | Noticed Kirke
 14884 | Lair:7   | Killed Kirke
 14915 | Lair:7   | Received a gift from Yredelemnul
 15003 | Lair:7   | Received a gift from Yredelemnul
 15128 | Lair:7   | Received a gift from Yredelemnul
 15129 | Lair:7   | Reached ***** piety under Yredelemnul
 15503 | Lair:7   | Received a gift from Yredelemnul
 15669 | Lair:8   | Entered Level 8 of the Lair of Beasts
 15740 | Lair:8   | Found a staircase to the Slime Pits.
 15741 | Lair:8   | Found a viscous altar of Jiyva.
 16595 | Lair:8   | Received a gift from Yredelemnul
 16732 | Lair:8   | Noticed a dire elephant
 16740 | Lair:8   | Killed a dire elephant
 16777 | Lair:8   | Noticed a dire elephant
 16777 | Lair:8   | Noticed a dire elephant
 16816 | Lair:8   | Noticed a dire elephant
 16818 | Lair:8   | Noticed a dire elephant
 16829 | Lair:8   | Killed a dire elephant
 16840 | Lair:8   | Killed a dire elephant
 17057 | Lair:8   | Noticed a dire elephant
 17074 | Lair:8   | Killed a dire elephant
 17241 | Lair:8   | Killed a dire elephant
 17269 | Lair:8   | Killed a dire elephant
 17827 | D:10     | Entered Level 10 of the Dungeon
 17937 | D:10     | Reached XP level 14. HP: 111/111 MP: 18/18
 18200 | D:10     | Received a gift from Yredelemnul
 18214 | D:10     | Found a flagged portal.
 18235 | Bailey   | Entered a bailey
 18399 | Bailey   | Got a polished large shield
 18481 | D:10     | Identified the +1 large shield of the Crypt {*Drain rF++ Dex+3} (You found it in a bailey)
 18614 | D:10     | Received a gift from Yredelemnul
 18691 | D:10     | Found a portal to a secret trove of treasure.
 18902 | D:11     | Noticed Urug
 19302 | D:11     | Received a gift from Yredelemnul
 19308 | D:11     | Killed Urug
 20079 | D:12     | Received a gift from Yredelemnul
 20345 | D:12     | Found a runed door.
 20711 | D:12     | Noticed Nergalle
 20723 | D:12     | Killed Nergalle
 20728 | D:12     | Found a staircase to the Orcish Mines.
 20734 | D:12     | Received a gift from Yredelemnul
 20867 | Orc:1    | Entered Level 1 of the Orcish Mines
 21047 | Orc:2    | Entered Level 2 of the Orcish Mines
 21049 | Orc:2    | Noticed an orc warlord
 21060 | Orc:2    | Killed an orc warlord
 21065 | Orc:2    | Received a gift from Yredelemnul
 21067 | Orc:2    | Found a roughly hewn altar of Beogh.
 21200 | Orc:2    | Found Pehesuun's Book Emporium.
 21224 | Orc:2    | Found Siaff's General Store.
 21237 | Orc:2    | Bought a scroll of teleportation for 45 gold pieces
 21237 | Orc:2    | Bought a potion of curing for 45 gold pieces
 21237 | Orc:2    | Bought a potion of beneficial mutation for 525 gold pieces
 21237 | Orc:2    | Gained mutation: You have a moderately thin skeletal structure. (Dex +4, Stealth+) [potion of beneficial mutation]
 21246 | Orc:2    | Found Dingu's Antique Armour Emporium.
 21287 | Orc:2    | Found Jifaloc's Antique Weapon Emporium.
 21344 | Orc:2    | Reached ****** piety under Yredelemnul
 21465 | Orc:2    | Received a gift from Yredelemnul
 21693 | Orc:2    | Found a staircase to the Elven Halls.
 22211 | D:13     | Reached skill level 15 in Shields
 22312 | D:13     | Got a warped brass ring
 22379 | D:13     | Identified the ring "Juontiex" {rElec Str+2 Dex+5} (You found it on level 13 of the Dungeon)
 22833 | D:13     | Received a gift from Yredelemnul
 22954 | D:14     | Found Puqesiot's Antique Weapon Emporium.
 23106 | D:14     | Found a gate to the Vaults.
 23143 | D:14     | Reached XP level 15. HP: 117/118 MP: 9/19
 23202 | D:14     | Received a gift from Yredelemnul
 23305 | D:14     | Learned a level 3 spell: Regeneration
 23448 | D:14     | Found Eshrifut's Antique Armour Shop.
 23533 | D:14     | Found Buifud's Antique Armour Boutique.
 23763 | D:15     | Entered Level 15 of the Dungeon
 23853 | D:15     | Received a gift from Yredelemnul
 24020 | D:15     | Reached skill level 1 in Evocations
 24263 | D:15     | Found a staircase to the Depths.
 24914 | Spider:1 | Entered Level 1 of the Spider Nest
 24918 | Spider:1 | Noticed Frances
 24931 | Spider:1 | Killed Frances
 24935 | Spider:1 | Noticed a ghost moth
 24939 | Spider:1 | Killed a ghost moth
 25892 | Spider:2 | Reached skill level 15 in Maces & Flails
 25892 | Spider:2 | Received a gift from Yredelemnul
 26263 | Spider:2 | Received a gift from Yredelemnul
 26263 | Spider:2 | Received a gift from Yredelemnul
 26623 | Spider:3 | Killed a ghost moth
 26800 | Spider:3 | Reached XP level 16. HP: 124/126 MP: 17/20
 26806 | Spider:3 | Received a gift from Yredelemnul
 27116 | Spider:4 | Entered Level 4 of the Spider Nest
 27140 | Spider:4 | Reached skill level 5 in Evocations
 27285 | Spider:4 | Reached skill level 1 in Fighting
 27453 | Spider:4 | Received a gift from Yredelemnul
 27636 | Spider:4 | Reached skill level 5 in Dodging
 27659 | Spider:4 | Got a gossamer rune of Zot
 27962 | Swamp:1  | Entered Level 1 of the Swamp
 28451 | Swamp:2  | Noticed Aizul
 28475 | Swamp:2  | Killed Aizul
 28511 | Swamp:2  | Received a gift from Yredelemnul
 28552 | Swamp:2  | Noticed a thorn hunter
 28578 | Swamp:2  | Killed a thorn hunter
 28578 | Swamp:2  | Reached skill level 5 in Fighting
 28757 | Swamp:2  | Noticed Donald
 28767 | Swamp:2  | Killed Donald
 28767 | Swamp:2  | Enslaved Donald
 28819 | Swamp:2  | Noticed a thorn hunter
 28830 | Swamp:2  | Killed a thorn hunter
 29625 | Swamp:4  | Entered Level 4 of the Swamp
 29637 | Swamp:4  | Received a gift from Yredelemnul
 29897 | Swamp:4  | Noticed Mara
 29905 | Swamp:4  | Killed Mara
 29939 | Swamp:4  | Received a gift from Yredelemnul
 29977 | Swamp:4  | Noticed Nikola
 29986 | Swamp:4  | Received a gift from Yredelemnul
 30363 | Swamp:4  | Received a gift from Yredelemnul
 30538 | Swamp:4  | Noticed the 27-headed Lernaean hydra
 30540 | Swamp:4  | Killed the 26-headed Lernaean hydra
 30540 | Swamp:4  | Reached XP level 17. HP: 95/156 MP: 18/21
 30557 | Swamp:4  | Killed Nikola
 30676 | Swamp:4  | Got a decaying rune of Zot
 31072 | D:8      | Received a gift from Yredelemnul
 31186 | Vaults:1 | Entered Level 1 of the Vaults
 31313 | Vaults:1 | Learned a level 3 spell: Confuse
 31487 | Vaults:1 | Received a gift from Yredelemnul
 32294 | Vaults:1 | Received a gift from Yredelemnul
 32365 | Vaults:1 | Paralysed by a wizard for 2 turns
 32980 | Vaults:2 | Received a gift from Yredelemnul
 33542 | Vaults:2 | You fall through a shaft!
 33559 | Vaults:3 | Received a gift from Yredelemnul
 33753 | Vaults:3 | Reached skill level 10 in Dodging
 33860 | Vaults:2 | Received a gift from Yredelemnul
 34367 | Vaults:3 | Received a gift from Yredelemnul
 34406 | Vaults:3 | Reached skill level 10 in Fighting
 34575 | Vaults:3 | Reached XP level 18. HP: 158/174 MP: 22/22
 34579 | Vaults:3 | Found a staircase to the Crypt.
 35475 | Vaults:4 | Received a gift from Yredelemnul
 36387 | Depths:1 | Entered Level 1 of the Depths
 36395 | Depths:1 | Noticed a golden dragon
 36396 | Depths:1 | Received a gift from Yredelemnul
 36401 | Depths:1 | Killed a golden dragon
 36894 | Depths:1 | Found a gateway to Hell.
 36899 | Depths:1 | Reached skill level 11 in Invocations
 37149 | Depths:1 | Received a gift from Yredelemnul
 37262 | Depths:1 | Noticed an iron giant
 37276 | Depths:1 | Killed an iron giant
 37411 | Depths:1 | Reached skill level 12 in Invocations
 37442 | Depths:2 | Found a gateway to a ziggurat.
 37842 | Depths:2 | Noticed a lich
 37848 | Depths:2 | Killed a lich
 37863 | Depths:2 | Received a gift from Yredelemnul
 37875 | Depths:2 | Noticed a tentacled monstrosity
 37875 | Depths:2 | Reached skill level 13 in Invocations
 37883 | Depths:2 | Killed a tentacled monstrosity
 37899 | Depths:2 | Reached XP level 19. HP: 155/185 MP: 12/25
 38025 | Depths:2 | Gained mutation: You have large cloven feet. [potion of beneficial mutation]
 38240 | Depths:2 | Received a gift from Yredelemnul
 38380 | Depths:3 | Found a one-way gate leading to the halls of Pandemonium.
 38613 | Depths:3 | Received a gift from Yredelemnul
 38625 | Depths:3 | Reached skill level 14 in Invocations
 38783 | Depths:3 | Received a gift from Yredelemnul
 39342 | Depths:3 | Received a gift from Yredelemnul
 39512 | Depths:4 | Found a one-way gate to the infinite horrors of the Abyss.
 39977 | Depths:4 | Noticed a juggernaut
 39985 | Depths:4 | Received a gift from Yredelemnul
 39988 | Depths:4 | Killed a juggernaut
 39988 | Depths:4 | Reached skill level 15 in Invocations
 40080 | Depths:4 | Received a gift from Yredelemnul
 40463 | Depths:5 | Entered Level 5 of the Depths
 40467 | Depths:5 | Received a gift from Yredelemnul
 40604 | Depths:5 | Received a gift from Yredelemnul
 40652 | Depths:5 | Reached skill level 16 in Invocations
 40696 | Depths:5 | Received a gift from Yredelemnul
 40812 | Depths:5 | Found a gate to the Realm of Zot.
 40812 | Depths:5 | Noticed a bone dragon
 40824 | Depths:5 | Killed a bone dragon
 40981 | Depths:5 | Received a gift from Yredelemnul
 41038 | Depths:5 | Reached XP level 20. HP: 190/196 MP: 27/27
 41918 | Vaults:5 | Entered Level 5 of the Vaults
 42054 | Vaults:5 | Identified the Tome of Translocation and Moulding (You found it on level 5 of the Vaults)
 42075 | Vaults:5 | Learned a level 2 spell: Blink
 42115 | Vaults:5 | Noticed a golden dragon
 42123 | Vaults:5 | Killed a golden dragon
 42123 | Vaults:5 | Reached skill level 1 in Translocations
 42139 | Vaults:5 | Reached skill level 1 in Charms
 42179 | Vaults:5 | Got a silver rune of Zot
 42204 | Vaults:5 | Got a scorched turquoise ring
 42285 | Vaults:5 | Noticed a golden dragon
 42297 | Vaults:5 | Killed a golden dragon
 42303 | Vaults:5 | Received a gift from Yredelemnul
 42342 | Vaults:5 | Identified the ring "Iqauh" {+Fly AC+4 Str+4} (You took it off a deep elf high priest on level 5 of the Vaults)
 42483 | Vaults:5 | Noticed an ancient lich
 42492 | Vaults:5 | Received a gift from Yredelemnul
 42880 | Zot:1    | Entered Level 1 of the Realm of Zot
 42893 | Zot:1    | Noticed a golden dragon
 42894 | Zot:1    | Reached skill level 5 in Translocations
 42896 | Zot:1    | Your ally Donald died
 42909 | Zot:1    | Noticed a golden dragon
 43289 | Zot:1    | Killed a golden dragon
 43358 | Zot:1    | Reached XP level 21. HP: 190/208 MP: 28/28
 43674 | Zot:1    | Received a gift from Yredelemnul
 44729 | Zot:2    | Noticed a golden dragon
 44751 | Zot:2    | Killed a golden dragon
 44854 | Zot:2    | Killed a golden dragon
 45112 | Zot:2    | Noticed a golden dragon
 45129 | Zot:2    | Killed a golden dragon
 45129 | Zot:2    | Reached skill level 10 in Evocations
 45322 | Zot:2    | Received a gift from Yredelemnul
 45451 | Zot:2    | Noticed a golden dragon
 45461 | Zot:2    | Killed a golden dragon
 45575 | Zot:3    | Noticed a golden dragon
 45586 | Zot:3    | Killed a golden dragon
 45772 | Zot:3    | Noticed a Killer Klown
 45800 | Zot:3    | Killed a Killer Klown
 45970 | Depths:5 | Received a gift from Yredelemnul
 46515 | Vaults:5 | Noticed a golden dragon
 46519 | Vaults:5 | Received a gift from Yredelemnul
 46526 | Vaults:5 | Killed a golden dragon
 46546 | Vaults:5 | Noticed an ancient lich
 46560 | Vaults:5 | Killed an ancient lich
 47218 | Zot:3    | Received a gift from Yredelemnul
 47413 | Zot:3    | Reached XP level 22. HP: 175/217 MP: 29/29
 47524 | Zot:3    | Noticed a curse toe
 47524 | Zot:3    | Noticed a golden dragon
 47531 | Zot:3    | Killed a golden dragon
 47538 | Zot:3    | Killed a curse toe
 48101 | Zot:4    | Noticed a golden dragon
 48110 | Zot:4    | Killed a golden dragon
 48111 | Zot:4    | Noticed a golden dragon
 48118 | Zot:4    | Killed a golden dragon
 48123 | Zot:4    | Received a gift from Yredelemnul
 48127 | Zot:4    | Noticed a golden dragon
 48131 | Zot:4    | Killed a golden dragon
 48813 | Zot:4    | Noticed a curse toe
 48824 | Zot:4    | Killed a curse toe
 49019 | Zot:5    | Entered Level 5 of the Realm of Zot
 49195 | Zot:5    | Noticed a Killer Klown
 49213 | Zot:5    | Killed a Killer Klown
 49516 | Zot:5    | Noticed a curse toe
 49548 | Zot:5    | Killed a curse toe
 49731 | Zot:5    | Received a gift from Yredelemnul
 50009 | Zot:5    | Noticed an ancient lich
 50012 | Zot:5    | Noticed an orb of fire
 50016 | Zot:5    | Gained mutation: Your mind is acute. (Int +2) [an orb of fire]
 50232 | Zot:5    | Noticed an ancient lich
 50235 | Zot:5    | Killed an ancient lich
 50259 | Zot:5    | Noticed an orb of fire
 50270 | Zot:5    | Received a gift from Yredelemnul
 50274 | Zot:5    | Gained mutation: You are clumsy. (Dex -2) [an orb of fire]
 50275 | Zot:5    | Gained mutation: You are frail. (-10% HP) [an orb of fire]
 50276 | Zot:5    | Gained mutation: Your body sometimes deteriorates upon taking damage. [an orb of fire]
 50289 | Zot:5    | Killed an orb of fire
 50364 | Zot:5    | Killed an orb of fire
 50364 | Zot:5    | Reached skill level 17 in Invocations
 50482 | Zot:5    | Noticed an orb of fire
 50484 | Zot:5    | Gained mutation: Your magical capacity is very low. (-20% MP) [an orb of fire]
 50486 | Zot:5    | Gained mutation: You expend magic power (3 MP) to strengthen your wands. [an orb of fire]
 50487 | Zot:5    | Gained mutation: You are very clumsy. (Dex -4) [an orb of fire]
 50494 | Zot:5    | Killed an orb of fire
 50658 | Zot:5    | Reached XP level 23. HP: 179/201 MP: 27/27
 50674 | Zot:5    | Paralysed by an ancient lich for 3 turns
 50687 | Zot:5    | Killed an ancient lich
 50779 | Zot:5    | Noticed a Killer Klown
 50788 | Zot:5    | Killed a Killer Klown
 50817 | Zot:5    | Noticed a Killer Klown
 50829 | Zot:5    | Killed a Killer Klown
 50831 | Zot:5    | Noticed an orb of fire
 50838 | Zot:5    | Noticed a curse toe
 50849 | Zot:5    | Killed a curse toe
 51097 | Zot:5    | Received a gift from Yredelemnul
 51198 | Zot:5    | Noticed an orb of fire
 51202 | Zot:5    | Gained mutation: Armour fits poorly on your strangely shaped body. [an orb of fire]
 51204 | Zot:5    | Gained mutation: Scrolls take you a little longer to read. [an orb of fire]
 51332 | Zot:5    | Noticed a Killer Klown
 51350 | Zot:5    | Killed a Killer Klown
 51413 | Zot:5    | Got the Orb of Zot
 51511 | Zot:3    | Lost mutation: You expend magic power (3 MP) to strengthen your wands. [potion of cure mutation]
 51511 | Zot:3    | Lost mutation: Armour fits poorly on your strangely shaped body. [potion of cure mutation]
 51511 | Zot:3    | Lost mutation: You are very clumsy. (Dex -4) [potion of cure mutation]
 51511 | Zot:3    | Lost mutation: Scrolls take you a little longer to read. [potion of cure mutation]
 51511 | Zot:3    | Lost mutation: Your mind is acute. (Int +2) [potion of cure mutation]
 51511 | Zot:3    | Lost mutation: You are clumsy. (Dex -2) [potion of cure mutation]
 51936 | D:8      | Noticed Ulafuwo the pandemonium lord
 52022 | D:5      | Noticed Qaqog the pandemonium lord
 52025 | D:5      | Cast into level 1 of the Abyss (drawing a card)
 52143 | Abyss:1  | Found a corrupted altar of Lugonu.
 52676 | Abyss:1  | Found a corrupted altar of Lugonu.
 52948 | Abyss:1  | Gained mutation: Scrolls take you a little longer to read. [a shining eye]
 53025 | D:5      | Escaped the Abyss
 53212 | D:$      | Escaped with the Orb!

Vault maps used:
D:1:      erik_arrival_gehennom
D:2:      bloody_trog, lemuel_crystal_altar
D:3:      kennysheep_six_static_rooms,
          nicolae_gozag_cash_rules_everything_around_me, marbit_many_paths,
          lemuel_coloured_pillars_altar, serial_co_window_serial,
          co_window_paths_b, co_window_corner_a, co_window_paths_a,
          co_window_cross_1, co_window_paths_b, co_window_paths_c,
          co_window_unsneaky_path_c, co_window_unsneaky_path_c,
          co_window_of_opportunity_b, co_window_corner_ca, glass_columns_a,
          glass_columns_c, glass_columns_b, glass_columns_a, st_stairs_7,
          uniq_jessica, uniq_iyjb
D:4:      nicolae_overflow_crystal_walls, kiku_gazebo_garden_becter,
          serial_shops, shop
D:5:      grunt_temple_overflow_order_and_chaos_1, temple_doors_e, serial_shops,
          kennysheep_mini, shop, shop, shop, first_bread
D:6:      serial_shops, shop, lemuel_tele_altar, uniq_menkaure,
          uniq_blork_the_orc
D:7:      old_standard_altar, elyvilon_altar_1, lemuel_doored_altar,
          basic_altar, grunt_ministairs_11, grunt_livestock
D:8:      kennysheep_mini_moat, erik_lair_island, due_unseen_surprise,
          uniq_pikel
D:9:      nemelex_xobeh_ov_fountains_minmay, serial_shops, nicolae_shop_crystal,
          lightli_wizard_tower, uniq_erolcha
D:10:     enter_trove_2, enter_bailey_3
D:11:     uniq_urug
D:12:     erik_orc_1, hangedman_weighted_door, lightli_airlock, uniq_nergalle
D:13:     kennysheep_just_a_vault
D:14:     lightli_vaults_fourway_checkpoint, minmay_misc_feat_cross,
          serial_shops, nicolae_shop_statue_plus, shop, nicolae_shop_stone
D:15:     grunt_enter_depths_snipers, small_statue_intersection,
          serial_bayou_pond_d, st_stairs_12, serial_bayou_lake_a
Temple:   minmay_temple_bridge_a_8
Lair:1:   nicolae_volcano_entry_s_turn, lemuel_fruit_fields,
          lemuel_fruit_fields, grunt_megastairs_5, uniq_fannar
Lair:3:   basic_altar, infiniplex_staircase_pool_2, serial_bayou_shore_a
Lair:4:   kennysheep_basilisk_garden
Lair:5:   minmay_swamp_entry_swarm, special_room, bh_autumn_forest_stairs,
          serial_bayou_shore_b
Lair:6:   dummy_spider_entry, pond, grunt_megastairs_3, uniq_maud
Lair:7:   minivault_29, uniq_kirke
Lair:8:   due_jungle_book, slime_altar_1
Swamp:1:  evilmike_swamp_ruin_house_5
Swamp:2:  evilmike_swamp_ruin_house_3, swamp_pool1, uniq_donald, uniq_aizul
Swamp:3:  infiniplex_staircase_pool
Swamp:4:  swamp_old_school, swamp_pool4, uniq_nikola, uniq_mara
Spider:1: uniq_frances
Spider:3: nicolae_spider_mines_3, nicolae_spider_cling_ruins
Spider:4: grunt_spider_rune_circles
Orc:2:    grunt_orc_cross
Vaults:1: v_misc_29, vaults_mumra_hex, vaults_standard_mumra_enter_the_diamond,
          ontoclasm_vaults_tryst, v_misc_15, ontoclasm_vaults_eye
Vaults:2: vaults_room_boxed, ontoclasm_vaults_ring_square,
          ontoclasm_vaults_pinch, nicolae_vaults_an_arrangement, v_misc_2,
          vaults_standard_mumra_enter_the_diamond, vaults_room_pool,
          nicolae_vaults_asterisk, hangedman_vaults_locks,
          nicolae_vaults_angled_halls, grunt_vaults_twisty,
          vaults_dpeg_encased_lava, v_misc_1, nicolae_vaults_gold_heap
Vaults:3: vaults_mumra_chevron_long, hangedman_vaults_trim, vaults_room_pool,
          blue_anna_dwarven_crypt, grunt_vaults_focal, hangedman_vaults_stagger,
          vaults_room_stairs_pillars, nicolae_vaults_ring_of_whatevers,
          dpeg_vaults_monster_box, hangedman_vaults_cutoff,
          nicolae_vaults_yaktaur_gun_rack
Vaults:4: hangedman_vaults_nails, serial_ice_g, vaults_room_hallway,
          st_smaller_cells, ontoclasm_vaults_shuriken, v_misc_16,
          hangedman_vaults_variations, vaults_dpeg_diagonal,
          vaults_room_semicircle, nicolae_vaults_angled_halls,
          vaults_room_semicircle, v_misc_2
Depths:1: thingy_vault, minmay_misc_feat_square, lightli_too_deep, st_stairs_5,
          hangedman_decor_clover_reticule, columned_hall_lemuel,
          grunt_ministairs_10, kennysheep_generic_room_4
Depths:2: minmay_triangles_in_corner, enter_ziggurat_c, hell_entry,
          minmay_misc_feat_columns
Depths:3: nooodl_glass_maze, hell_entry, rand_demon_pan_entry_5,
          lemuel_old_faithful
Depths:4: minmay_curly_fans, serial_sigils, serial_sigils_hangedman_confine,
          serial_sigils_hangedman_gnaw, serial_sigils_hangedman_carve,
          serial_sigils_hangedman_snap, kennysheep_nondescript, abyss_entry,
          hell_entry, minivault_21, hangedman_cracks_in_the_wall
Depths:5: grunt_twist_and_shout, hangedman_tar_grid_catacomb,
          minmay_misc_feat_iff, hangedman_decor_push
Zot:1:    lemuel_draconian_sentries_small
Zot:4:    evilmike_crystal_ball_defense
Zot:5:    st_stairs_10
Bailey:   bailey_polearm_1, bailey
Volcano:  volcano_overflow

Skill      XL: |  1  2  3  4  5  6  7  8  9 10 11 12 13 14 15 16 17 18 19 20 21 22 23 |
---------------+----------------------------------------------------------------------+-----
Unarmed Combat | 1 2 |  2.0
Throwing       | 2 3 4 5 8 |  8.3
Maces & Flails | 1 2 3 6 9 11 13 15 16 | 16.4
Shields        | 2 5 8 10 13 15 | 15.3
Invocations    | 2 6 9 10 13 16 17 | 17.8
Dodging        | 3 4 7 10 11 12 | 12.8
Evocations     | 4 5 6 12 13 14 | 14.5
Fighting       | 7 10 11 12 | 12.4
Translocations | 5 |  5.0
Charms         | 3 |  3.0
Spellcasting   | |  1.0
Hexes          | |  2.3

Action                   |  1- 3 |  4- 6 |  7- 9 | 10-12 | 13-15 | 16-18 | 19-21 | 22-24 || total
-------------------------+-------+-------+-------+-------+-------+-------+-------+-------++-------
Melee: Unarmed           |   150 |     1 |       |       |       |       |       |       ||   151
       Punch             |     1 |     1 |     1 |       |       |       |       |       ||     3
       Mace              |       |   187 |   334 |   804 |  1839 |  1043 |  1116 |       ||  5323
       Kick              |       |       |       |       |       |       |   707 |   373 ||  1080
       Morningstar       |       |       |       |       |       |       |    24 |   755 ||   779
Throw: Large rock        |     1 |     5 |    30 |     6 |     5 |     4 |     6 |     9 ||    66
       Throwing net      |       |       |     2 |       |     1 |       |       |       ||     3
       Tomahawk          |       |       |       |       |     1 |       |       |       ||     1
 Cast: Corona            |     1 |     6 |     2 |     1 |       |       |       |       ||    10
       Slow              |       |       |     1 |       |       |       |       |       ||     1
       Blink             |       |       |       |       |       |       |    10 |    19 ||    29
Invok: Animate Remains   |       |       |       |    32 |       |       |       |       ||    32
       Animate Dead      |       |       |       |    41 |   104 |    91 |    63 |    17 ||   316
       Recall Undead Sla |       |       |       |    16 |    18 |     9 |    12 |    17 ||    72
       Drain Life        |       |       |       |     5 |    14 |    14 |    32 |     8 ||    73
       Stop Recall       |       |       |       |       |     5 |     5 |       |       ||    10
       Enslave Soul      |       |       |       |       |       |     1 |       |       ||     1
Evoke: Wand              |       |       |    15 |    26 |    15 |     2 |    18 |    10 ||    86
       Box of beasts     |       |       |       |     1 |     6 |       |    14 |       ||    21
       Deck              |       |       |       |       |       |       |     2 |     2 ||     4
       Sack of spiders   |       |       |       |       |       |       |     2 |       ||     2
  Use: Scroll            |     3 |     9 |     8 |    23 |    14 |    13 |    17 |    15 ||   102
       Potion            |       |     2 |       |    13 |     7 |     3 |    10 |    10 ||    45
 Stab: Sleeping          |     1 |       |       |     2 |    13 |    23 |     4 |     1 ||    44
       Held in net/web   |       |       |     1 |       |       |       |       |       ||     1
       Distracted        |       |       |       |     9 |    38 |    47 |    43 |    23 ||   160
       Petrified         |       |       |       |     1 |       |       |       |       ||     1
       Paralysed         |       |       |       |       |    16 |     1 |     2 |       ||    19
       Confused          |       |       |       |       |       |       |     1 |       ||     1
  Eat: Chunk             |    19 |    16 |    22 |    58 |   126 |   111 |    53 |     2 ||   407
       Meat ration       |       |       |     2 |     5 |     3 |     2 |     8 |     5 ||    25
       Beef jerky        |       |       |       |     1 |     1 |     1 |     2 |       ||     5
       Bread ration      |       |       |       |       |     3 |     2 |     6 |     7 ||    18
       Royal jelly       |       |       |       |       |     1 |       |       |       ||     1
       Pizza             |       |       |       |       |       |       |       |     1 ||     1
Armor: Skin              |    51 |    81 |   114 |   190 |   175 |    55 |    65 |    46 ||   777
Dodge: Dodged            |   101 |   107 |   168 |   133 |   450 |   298 |   560 |   310 ||  2127
Block: Large shield      |       |       |     2 |   767 |  1795 |   957 |  1188 |   784 ||  5493
       Shield            |       |       |       |     7 |       |       |       |       ||     7
